 Dungeon Crawl Stone Soup version 0.28-a0-533-g9f97627e2a (webtiles) character file.

Game seed: 11864252431823028793

674 Conn the Sneak (level 7, -2/64 HPs)
             Began as an Octopode Fire Elementalist on Sept 25, 2021.
             Was an Initiate of Sif Muna.
             Killed by divine providence
             ... invoked by an orc priest
              (12 damage)
             ... on level 5 of the Dungeon.
             The game lasted 00:11:33 (4319 turns).

Conn the Sneak (Octopode Fire Elementalist)         Turns: 4319, Time: 00:11:34

Health: -2/64      AC: 23    Str:  7    XL:     7   Next: 59%
Magic:  12/12      EV:  2    Int: 25    God:    Sif Muna [......]
Gold:   188        SH:  0    Dex: 13    Spells: 5/12 levels left

rFire   . . .      SeeInvis .   q - +2 dagger (venom)
rCold   . . .      Faith    .   (no shield)
rNeg    + + +      Spirit   .   (helmet currently unavailable)
rPois   +          Reflect  .   (no amulet)
rElec   .          Harm     .   e - ring of positive energy
rCorr   .          Rampage  .   n - +6 ring of intelligence
Will    .....      NoTele   +   (no ring)
Stlth   +.........              (no ring)
HPRegen 0.20/turn               (no ring)
MPRegen 0.13/turn               (no ring)
                                (no ring)
                                (no ring)

@: confused, tree-form, ambrosia-drunk
A: stationary, stasis, torment immunity, boosted hp, almost no armour,
(amphibious), 8 rings, (camouflage 1), (gelatinous body 1), (nimble swimmer 1),
(tentacles), (fangs 1)
a: Renounce Religion


You were on level 5 of the Dungeon.
You worshipped Sif Muna.
Sif Muna was noncommittal.
You were a tree.
You visited 2 branches of the dungeon, and saw 6 of its levels.

You collected 188 gold pieces.

Inventory:

Hand Weapons
 f - a +0 dagger of venom
 o - a +2 mace of draining
 q - a +2 dagger of venom (weapon)
Magical Staves
 m - a staff of air
Jewellery
 e - a ring of positive energy (left branch)
 n - a +6 ring of intelligence (right branch)
Scrolls
 g - a scroll of brand weapon {unknown}
 h - 2 scrolls of teleportation {unknown}
 j - a scroll of noise {unknown}
 k - 2 scrolls of enchant armour {unknown}
 p - a scroll of torment {unknown}
 r - a scroll of magic mapping {unknown}
 u - 2 scrolls of identify {unknown}
 v - a scroll of blinking {unknown}
 w - a scroll of holy word {unknown}
 y - a scroll of amnesia {unknown}
Potions
 i - a potion of attraction
 s - a potion of heal wounds {unknown}
 x - a potion of might {unknown}


   Skills:
 + Level 1.3 Fighting
 + Level 2.5 Short Blades
 + Level 2.1 Dodging
 + Level 5.3 Stealth
 + Level 3.4 Spellcasting
 * Level 3.0 Conjurations
 * Level 1.6 Hexes
 * Level 5.1 Fire Magic
 * Level 0.7 Invocations


You had 5 spell levels left.
You knew the following spells:

 Your Spells              Type           Power      Damage    Failure   Level
a - Foxfire               Conj/Fire      96%        2x1d8     1%          1
b - Conjure Flame         Conj/Fire      24%        6-21      5%          3
c - Inner Flame           Hex/Fire       21%        N/A       8%          3

Your spell library contained the following spells:

 Spells                   Type           Power      Damage    Failure   Level
 Scorch                   Fire           58%        2d7       1%          2
 Sandblast                Erth           8%         2d5       10%         1
 Passwall                 Tmut/Erth      3%         N/A       14%         2
 Stone Arrow              Conj/Erth      22%        3d8       16%         3
 Flame Wave               Conj/Fire      24%        3d6       19%         4


Dungeon Overview and Level Annotations

Branches:
Dungeon (5/15)             Temple (1/1) D:5

Altars:
Ashenzari
Dithmenos
Elyvilon
Fedhas
Hepliaklqana
Makhleb
Nemelex Xobeh
Qazlal
Ru
Sif Muna
Trog
Uskayaw
Yredelemnul
Zin


Innate Abilities, Weirdness & Mutations

You are a tree.
Your roots penetrate the ground, keeping you stationary.
You cannot be teleported.
You are immune to unholy pain and torment.
Your maximum health is greatly increased.
You cannot wear most types of armour.
((You are amphibious.))
You can wear up to eight rings at the same time.
((Your skin changes colour to match your surroundings (Stealth+).))
((Your rubbery body absorbs attacks. (AC +1, EV +1)))
((You are camouflaged near water. (Stealth+)))
((You have tentacles for arms and can constrict up to eight enemies at once.))
((You have very sharp teeth.))


Message History

* * * LOW HITPOINT WARNING * * *
The orc wizard is attracted toward you.
It was a potion of cancellation.
Your magical effects are unravelling.
You feel magically purged.
You constrict the orc priest, but do no damage.
The wyvern zombie struggles against the net.
The orc wizard hits you with a +0 dagger.
* * * LOW HITPOINT WARNING * * *
The orc priest begins to cast a cantrip, but forgets the words!
You feel less attractive to monsters.
Okay, then.
Unknown command.
Unknown command.
It was a potion of ambrosia.
You are confused.
You feel invigorated.
You constrict the orc priest.
The wyvern zombie struggles against the net.
The net rips apart, and the wyvern zombie comes free!
The orc wizard closely misses you.
The orc priest calls down the wrath of Beogh upon you.
Beogh smites you!
* * * LOW HITPOINT WARNING * * *
The wyvern zombie closely misses you.
It was a potion of lignification.
You turn into a tree.
Your roots penetrate the ground.
You lose your grip on the orc priest.
The wyvern zombie bites you but does no damage.
The orc wizard hits you but does no damage.
The orc priest hits you but does no damage.
Okay, then.
Unknown command.
Unknown command.
Unknown command.
You are too confused!
It was a potion of mutation.
You feel extremely strange.
Your teeth lengthen and sharpen.
The wyvern zombie bites you but does no damage.
The orc priest calls down the wrath of Beogh upon you.
Beogh smites you!
You die...

...........#.####
.....#..#.#o##.. #
#.....##.....##.# #.
##..#.#..##....##[#
#.##..##.##..##......#
#....##...##..o.#.####
#.......>.o..........<
#...o##§..##....##.###
#.##.♣##.##..##....#
#..##oZ#.#..##...#####
#..##))...##.........
#..#.....#..########
#...............#
###..###..#####.#
#..##########.#
###..##.......#.#
#....##.#####.#.#


You could see an orc priest, an orc wizard and a wyvern zombie (inner flame).

Vanquished Creatures
  A necrophage (D:3)
  An ogre (D:5)
  A gnoll sergeant (D:4)
  2 scorpions
  A jelly (D:4)
  3 hounds
  Robin (D:3)
  5 gnolls
  6 adders
  A worm (D:2)
  4 dart slugs
  11 orcs
  12 ball pythons
  4 endoplasms
  2 giant cockroaches (D:1)
  10 goblins
  5 hobgoblins
  4 jackals (D:3)
  7 kobolds
  5 bats
  2 frilled lizards (D:1)
  A jackal skeleton (D:4)
  8 rats
97 creatures vanquished.

Vanquished Creatures (collateral kills)
  A foxfire (D:1)
1 creature vanquished.

Vanquished Creatures (others)
  201 foxfires
  16 plants (D:1)
217 creatures vanquished.

Grand Total: 315 creatures vanquished

Notes
Turn   | Place    | Note
-------+----------+-------------------------------------------
     0 | D:1      | Conn the Octopode Fire Elementalist began the quest for the
                  | Orb.
     0 | D:1      | Reached XP level 1. HP: 11/11 MP: 3/3
   349 | D:1      | Reached XP level 2. HP: 17/17 MP: 5/5
   376 | D:1      | Found a faded altar of an unknown god.
   527 | D:1      | Reached XP level 3. HP: 21/21 MP: 4/6
  1351 | D:2      | Reached XP level 4. HP: 27/27 MP: 4/7
  1730 | D:3      | Noticed Robin
  1744 | D:3      | Killed Robin
  1810 | D:3      | Learned a level 3 spell: Conjure Flame
  1814 | D:3      | Learned a level 3 spell: Inner Flame
  1994 | D:3      | Reached XP level 5. HP: 20/31 MP: 6/8
  2193 | D:3      | Found a sacrificial altar of Ru.
  2193 | D:3      | Found a hazy altar of Hepliaklqana.
  2453 | D:3      | Found a glowing silver altar of Zin.
  2504 | D:3      | Noticed a necrophage
  2515 | D:3      | Killed a necrophage
  2516 | D:3      | Reached skill level 1 in Short Blades
  2516 | D:3      | Reached XP level 6. HP: 29/36 MP: 5/10
  2582 | D:3      | Found a shadowy altar of Dithmenos.
  3038 | D:4      | Found a sparkling altar of Nemelex Xobeh.
  3197 | D:4      | Reached skill level 5 in Stealth
  3197 | D:4      | Reached skill level 1 in Hexes
  3457 | D:4      | Reached skill level 1 in Fighting
  3457 | D:4      | Reached XP level 7. HP: 43/43 MP: 11/11
  3901 | D:5      | Entered Level 5 of the Dungeon
  3908 | D:5      | Found a staircase to the Ecumenical Temple.
  3918 | Temple   | Entered the Ecumenical Temple
  3927 | Temple   | Became a worshipper of Sif Muna the Loreminder
  3971 | D:5      | Reached skill level 5 in Fire Magic
  4317 | D:5      | HP: 1/43 [orc priest/divine providence (9)]
  4319 | D:5      | Gained mutation: You have very sharp teeth. [potion of
                  | mutation]
  4319 | D:5      | Killed from afar by an orc priest

Illustrated notes

Levels and vault maps discovered:
D:1:      dpeg_arrival_tiny_j, layout_loops_ring,
          shapermc_ecumenical_altar_acropolis, lexackson_kobold_supper
D:2:      layout_basic, minmay_shallow_snake_nest
D:3:      layout_basic, nicolae_dithmenos_through_a_glass_darkly,
          lemuel_coloured_pillars_altar, gammafunk_temple_overflow_wave,
          uniq_robin
D:4:      layout_loops_cross, kennysheep_little_box
D:5:      layout_basic, minmay_temple_entry_waves, grunt_decor_one_mirror,
          uniq_prince_ribbit1, uniq_ijyb
Temple:   eino_narrow_crystal_temple

Skill      XL: |  1  2  3  4  5  6  7 |
---------------+----------------------+-----
Stealth        | 3 4 5 |  5.3
Fire Magic     | 4 5 |  5.1
Conjurations   | 2 3 |  3.0
Short Blades   | 1 2 |  2.5
Spellcasting   | 3 |  3.4
Hexes          | 1 |  1.6
Fighting       | 1 |  1.3
Dodging        | |  2.1
Invocations    | |  0.7

Action                   |  1- 3 |  4- 6 |  7- 9 || total
-------------------------+-------+-------+-------++-------
Melee: Dagger            |    16 |    55 |    22 ||    93
       Unarmed           |     3 |       |       ||     3
       Constrict         |     6 |    17 |     5 ||    28
       Tentacles         |     1 |    10 |     2 ||    13
Throw: Throwing net      |       |     1 |     1 ||     2
 Cast: Foxfire           |    38 |    66 |    16 ||   120
       Inner Flame       |       |     2 |     2 ||     4
       Conjure Flame     |       |       |     1 ||     1
  Use: Potion            |       |       |     6 ||     6
 Stab: Sleeping          |     2 |     8 |       ||    10
       Held in net/web   |       |     1 |       ||     1
Armor: Skin              |     3 |     4 |     5 ||    12
Dodge: Dodged            |    18 |    28 |    23 ||    69

Table legend: (Time is in decaauts)
 A = Elapsed time spent in this place.
 B = Non-inter-level travel time spent in this place.
 C = Inter-level travel time spent in this place.
 D = Time resting spent in this place.
 E = Time spent auto-exploring this place.
 F = Levels seen in this place.
 G = Mean time per level.
                   A        B        C        D        E       F      G
               +--------+--------+--------+--------+--------+-----+--------+
         Total |   4312 |   4223 |     89 |    131 |   3011 |   6 |  718.7 |
       Dungeon |   4295 |   4214 |     81 |    131 |   3011 |   5 |  859.0 |
        Temple |     17 |      9 |      8 |      0 |      0 |   1 |   17.0 |
               +--------+--------+--------+--------+--------+-----+--------+

Top non-repeatable levels by time:
     D:4: 1126 daAuts
     D:3: 1063 daAuts
     D:1: 1035 daAuts
     D:2: 671 daAuts
     D:5: 398 daAuts
  Temple: 17 daAuts
